 Dungeon Crawl Stone Soup version 0.27-a0-1188-g73eefd5def (webtiles) character file.

Game seed: 6674446050176355838

10710 leviel the Carver (level 11, 0/99 HPs)
             Began as a Hill Orc Monk on May 21, 2021.
             Was a Priest of Beogh.
             Slain by a centaur (1 damage)
             ... on level 12 of the Dungeon.
             The game lasted 00:28:01 (16091 turns).

leviel the Carver (Hill Orc Monk)                  Turns: 16091, Time: 00:28:01

Health: 0/99       AC: 19    Str: 24    XL:     11   Next: 66%
Magic:  16/16      EV: 11    Int: 10    God:    Beogh [***...]
Gold:   1323       SH:  5    Dex: 13    Spells: 10/10 levels left

rFire    + . .     SeeInvis +   I - +4 great sword (freeze)
rCold    + . .     Faith    .   (shield currently unavailable)
rNeg     . . .     Spirit   .   d - +3 scale mail
rPois    +         Reflect  +   q - +0 helmet
rElec    .         Harm     .   M - +2 cloak {rPois}
rCorr    .         Rampage  .   u - +2 pair of gloves
Will     .....                  (no boots)
Stlth    ..........             n - amulet of reflection
HPRegen  0.26/turn              c - ring "Etoacyg" {rPois rF+ rC+ Str+6}
MPRegen  0.15/turn              F - ring of see invisible

@: silenced, hasted, very quick
A: no striking features
a: Renounce Religion


You were on level 12 of the Dungeon.
You worshipped Beogh.
Beogh was most pleased with you.
You visited 1 branch of the dungeon, and saw 12 of its levels.
You also visited: Ossuary.

You collected 1479 gold pieces.
You spent 156 gold pieces at shops.

Inventory:

Hand Weapons
 a - a +2 falchion
 I - a +4 great sword of freezing (weapon)
 L - a +3 trident of protection
Missiles
 l - 5 atropa-tipped darts (quivered)
 t - 13 javelins
 E - 2 throwing nets
Armour
 d - a +3 scale mail (worn)
 q - a +0 helmet (worn)
 s - a +0 kite shield
 u - a +2 pair of gloves (worn)
 M - a +2 cloak of poison resistance (worn)
Jewellery
 c - the ring "Etoacyg" (left hand) {rPois rF+ rC+ Str+6}
   (You acquired it on level 3 of the Dungeon)

   [ring of protection from cold]

   It affects your strength (+6).
   It protects you from fire.
   It protects you from cold.
   It protects you from poison.
 e - an amulet of regeneration
 i - a +4 ring of protection
 n - an amulet of reflection (around neck)
 F - a ring of see invisible (right hand)
 J - a +6 ring of dexterity
Wands
 b - a wand of mindburst (32)
 r - a wand of flame (42)
 y - a wand of iceblast (16)
 C - a wand of acid (9)
 H - a wand of paralysis (7)
Scrolls
 k - 2 scrolls of amnesia
 w - a scroll of blinking
 x - 2 scrolls of fear
 A - a scroll of holy word
 B - 4 scrolls of noise
 D - 6 scrolls of teleportation
Potions
 f - a potion of magic
 g - 2 potions of mutation
 h - 3 potions of brilliance
 j - 2 potions of curing
 o - 3 potions of resistance
 v - 3 potions of attraction
 z - a potion of cancellation {unknown}
 N - a potion of lignification {unknown}
Miscellaneous
 K - a phantom mirror


   Skills:
 + Level 9.9 Fighting
 * Level 11.3 Long Blades
 + Level 8.3 Armour
 + Level 4.0 Dodging
 - Level 4.4 Stealth
 - Level 6.7 Shields
 + Level 7.6 Invocations


You had 10 spell levels left.
You didn't know any spells.
Your spell library contained the following spells:

 Spells                   Type           Power      Damage    Failure   Level
 Apportation              Tloc           0%         N/A       63%         1
 Freeze                   Ice            0%         1d3       63%         1
 Sting                    Tmut/Pois      0%         1d3       63%         1
 Summon Small Mammal      Summ           0%         N/A       63%         1
 Call Imp                 Summ           0%         N/A       77%         2
 Poisonous Vapours        Pois/Air       0%         N/A       77%         2
 Call Canine Familiar     Summ           0%         N/A       94%         3
 Ignite Poison            Fire/Tmut/Pois 0%         N/A       94%         3
 Mephitic Cloud           Conj/Pois/Air  0%         N/A       94%         3
 Ozocubu's Armour         Ice            0%         N/A       94%         3
 Summon Guardian Golem    Hex/Summ       0%         N/A       94%         3
 Ice Form                 Ice/Tmut       0%         N/A       100%        4
 Olgreb's Toxic Radiance  Pois           0%         N/A       100%        4
 Summon Ice Beast         Ice/Summ       0%         N/A       100%        4
 Summon Lightning Spire   Summ/Air       0%         N/A       100%        4
 Summon Forest            Summ/Tloc      0%         N/A       100%        5
 Simulacrum               Ice/Necr       0%         N/A       100%        6


Dungeon Overview and Level Annotations

Branches:
Dungeon (12/15)            Temple (0/1) D:7            Lair (0/6) D:9
    Orc (0/2) D:10        Ossuary (visited)

Altars:
Elyvilon
Gozag
Okawaru
Sif Muna
Trog

Shops:
D:3 *   D:4 [   D:9 *   D:11 *

Annotations:
D:11 3 runed translucent doors, exclusion: obsidian statue


Message History

The centaur hits you.
* * * LOW HITPOINT WARNING * * *
The centaur closely misses you.
You feel better.
The centaur hits you but does no damage.
The centaur closely misses you. The boulder beetle bites you.
* * * LOW HITPOINT WARNING * * *
The centaur misses you.
The centaur kicks you but does no damage.
The centaur hits you but does no damage.
The centaur kicks you but does no damage.
Nergalle barely misses you.
You completely miss Nergalle.
Nergalle is almost dead.
The centaur hits you.
* * * LOW HITPOINT WARNING * * *
The centaur kicks you but does no damage.
The centaur misses you.
The centaur kicks you but does no damage.
You block the centaur's attack.
The centaur kicks you but does no damage.
The boulder beetle bites you but does no damage.
You feel better. The centaur barely misses you. You block the centaur's attack.
The yak closely misses you.
The centaur hits you but does no damage.
The centaur kicks you but does no damage.
You block Nergalle's attack.
The centaur hits you but does no damage.
The centaur barely misses you. The yak closely misses you.
You riposte.
You hit the yak but do no damage. You slash Nergalle! You freeze Nergalle.
You kill Nergalle!
Beogh accepts your kill. The centaur barely misses you.
The centaur kicks you but does no damage.
The boulder beetle bites you!!
* * * LOW HITPOINT WARNING * * *
The centaur hits you but does no damage.
The centaur misses you. You block the centaur's attack. The centaur kicks you.
You die...

?.. #......... ....
#.........###
....#####...........##
...................#.#
....................#
#...Y...............#.
......................
......)cY............#
......B@Y....[.......#
......cc.#####...#####
...#.....# #...# ..
##....# #...#
...#.....# #...#
........#####...#####
.(...................
.....................
.....................


You could see a boulder beetle, 3 yaks and 3 centaurs.

Vanquished Creatures
  Josephine (D:10)
  3 two-headed ogres
  A fire crab (D:11)
  Nergalle (D:12)
  Pikel (D:7)
  A gargoyle (D:11)
  2 unseen horrors
  A kobold demonologist (D:6)
  A komodo dragon (D:9)
  A troll (D:12)
  A vampire (D:11)
  5 yaks (D:12)
  4 wraiths
  2 steam dragons
  2 vampire mosquitoes (D:10)
  Menkaure (D:4)
  A hornet zombie (D:7)
  2 ice beasts
  3 orc warriors
  An ogre (D:7)
  5 centaurs
  A lemure (D:7)
  A bullfrog (D:9)
  3 scorpions
  A gnoll sergeant (D:7)
  An elf skeleton (D:7)
  A wyvern skeleton (D:6)
  4 killer bees (D:10)
  13 wights
  A howler monkey (D:5)
  3 centaur zombies
  A human zombie (D:7)
  2 jellies (D:7)
  2 centaur skeletons (D:7)
  2 hounds
  3 orc priests
  A human skeleton (D:7)
  A gnoll shaman (D:4)
  18 orc wizards
  3 iguanas
  A hound skeleton (D:5)
  6 mummies (Ossuary)
  2 howler monkey zombies
  Robin (D:2)
  2 howler monkey skeletons
  4 adders
  7 gnolls
  A shadow imp (D:5)
  A white imp (D:7)
  An ufetubus (D:5)
  4 dart slugs
  31 orcs
  3 bats
  4 endoplasms
  10 hobgoblins
  6 jackals (D:1)
  3 kobolds (D:4)
  5 quokkas
  9 ball pythons
  5 frilled lizards
  16 goblins
  3 hobgoblin zombies (Ossuary)
  2 orc skeletons (D:7)
  An orc zombie (D:7)
  4 rats
234 creatures vanquished.

Vanquished Creatures (collateral kills)
  2 wraiths (D:10)
  A gnoll sergeant (D:11)
  4 gnolls (D:11)
7 creatures vanquished.

Vanquished Creatures (others)
  An orc knight (D:11)
  An orc warrior (D:10)
  An orc wizard (D:11)
  The ghost of supercan the Grasshopper, a weakling FoWr (D:11)
  2 orcs
  9 plants (D:9)
15 creatures vanquished.

Grand Total: 256 creatures vanquished

Notes
Turn   | Place    | Note
-------+----------+-------------------------------------------
     0 | D:1      | leviel the Hill Orc Monk began the quest for the Orb.
     0 | D:1      | Reached XP level 1. HP: 19/19 MP: 1/1
   150 | D:1      | Reached XP level 2. HP: 21/27 MP: 2/2
  1016 | D:1      | Reached XP level 3. HP: 19/33 MP: 3/3
  1190 | D:1      | Found a faded altar of an unknown god.
  1663 | D:2      | Reached skill level 4 in Long Blades
  1673 | D:2      | Noticed Robin
  1693 | D:2      | Reached skill level 1 in Armour
  1703 | D:2      | Killed Robin
  1704 | D:2      | Reached XP level 4. HP: 19/41 MP: 4/4
  3123 | D:3      | Found Fojaz's Assorted Antiques.
  3133 | D:3      | Bought an amethyst potion for 23 gold pieces
  3133 | D:3      | Bought a scroll labelled VUGHOU NYDOTASCH for 26 gold
                  | pieces
  3133 | D:3      | Bought a black potion for 23 gold pieces
  3137 | D:3      | Identified 2 scrolls of acquirement
  3137 | D:3      | Acquired the ring "Etoacyg" {rPois rF+ rC+ Str+6}
  3324 | D:4      | Acquired 860 gold pieces
  3336 | D:4      | Noticed Menkaure
  3347 | D:4      | HP: 2/41 [Menkaure (1)]
  3349 | D:4      | Killed Menkaure
  3350 | D:4      | Reached XP level 5. HP: 8/47 MP: 5/5
  3785 | D:4      | Reached skill level 5 in Fighting
  3785 | D:4      | Reached XP level 6. HP: 46/56 MP: 6/6
  4397 | D:4      | Found Uptyn's Armour Emporium.
  4435 | D:4      | Found a white marble altar of Elyvilon.
  4515 | D:4      | Reached skill level 1 in Shields
  4662 | D:4      | Reached skill level 5 in Long Blades
  5144 | D:4      | Reached XP level 7. HP: 59/61 MP: 7/7
  5245 | D:5      | Entered Level 5 of the Dungeon
  5759 | D:5      | Found an opulent altar of Gozag.
  5759 | D:5      | Found an iron altar of Okawaru.
  5899 | D:5      | Found a bloodstained altar of Trog.
  6205 | D:6      | Reached XP level 8. HP: 61/70 MP: 8/8
  6461 | D:6      | Reached skill level 6 in Long Blades
  6740 | D:6      | Noticed a kobold demonologist
  6755 | D:6      | Noticed an orange demon
  6764 | D:6      | Killed a kobold demonologist
  7409 | D:6      | Reached skill level 5 in Armour
  7467 | D:6      | Became a worshipper of Beogh the Brigand
  7467 | D:6      | Reached * piety under Beogh
  7467 | D:6      | Reached ** piety under Beogh
  7823 | D:7      | Found a shimmering blue altar of Sif Muna.
  7842 | D:7      | Reached XP level 9. HP: 78/78 MP: 9/9
  7901 | D:7      | Noticed Pikel
  7934 | D:7      | Killed Pikel
  7935 | D:7      | Reached skill level 7 in Long Blades
  7950 | D:7      | Reached skill level 5 in Shields
  8437 | D:7      | Found a sand-covered staircase.
  8463 | Ossuary  | Entered an ossuary
  8909 | D:7      | Reached skill level 8 in Long Blades
  9325 | D:7      | Found a staircase to the Ecumenical Temple.
 10176 | D:8      | Reached XP level 10. HP: 77/88 MP: 13/13
 11197 | D:9      | Reached skill level 9 in Long Blades
 11492 | D:9      | Noticed an unseen horror
 11503 | D:9      | Killed an unseen horror
 11729 | D:9      | Found a staircase to the Lair.
 11742 | D:9      | Reached skill level 5 in Invocations
 12016 | D:9      | Found Xuic's Assorted Antiques.
 12019 | D:9      | Bought a scroll labelled HUR NARUEKKAY for 29 gold pieces
 12019 | D:9      | Bought a scroll labelled BOCKEE SAGEP for 29 gold pieces
 12276 | D:9      | Noticed a two-headed ogre
 12301 | D:9      | Killed a two-headed ogre
 12865 | D:9      | Noticed a two-headed ogre
 12876 | D:9      | Killed a two-headed ogre
 13333 | D:10     | Entered Level 10 of the Dungeon
 13456 | D:10     | Reached skill level 10 in Long Blades
 13627 | D:10     | Found a staircase to the Orcish Mines.
 13675 | D:10     | Reached *** piety under Beogh
 13930 | D:10     | Reached XP level 11. HP: 93/97 MP: 15/15
 14058 | D:10     | Noticed Josephine
 14069 | D:10     | Killed Josephine
 14242 | D:10     | Identified the Catalogue of the Dislocated Glacier
 14589 | D:11     | Found a white marble altar of Elyvilon.
 14782 | D:11     | Found a runed translucent door.
 14802 | D:11     | Found Hesaloki's Assorted Antiques.
 14817 | D:11     | Bought a metallic yellow potion for 26 gold pieces
 15005 | D:11     | Found a runed translucent gate.
 15005 | D:11     | Found a runed translucent gate.
 15005 | D:11     | Found an opulent altar of Gozag.
 15005 | D:11     | Noticed an obsidian statue
 15006 | D:11     | Found a runed translucent gate.
 15006 | D:11     | Noticed supercan's ghost (weakling FoWr)
 15006 | D:11     | Noticed a brown ugly thing
 15006 | D:11     | Noticed a deep troll earth mage
 15276 | D:11     | Killed supercan's ghost
 15356 | D:11     | Noticed a fire crab
 15364 | D:11     | Killed a fire crab
 15711 | D:11     | Noticed an entropy weaver
 15711 | D:11     | Noticed a fire crab
 15757 | D:12     | Reached skill level 11 in Long Blades
 15833 | D:12     | Noticed a two-headed ogre
 15847 | D:12     | Killed a two-headed ogre
 16067 | D:12     | Noticed Nergalle
 16076 | D:12     | Noticed a boulder beetle
 16091 | D:12     | Killed Nergalle
 16091 | D:12     | HP: 1/99 [boulder beetle (19)]
 16091 | D:12     | Slain by a centaur

Illustrated notes

Levels and vault maps discovered:
D:1:      zelgadis_glass_arrival_small, layout_loops_cross,
          ebering_ecumenical_altar_hall, minmay_misc_feat_iff
D:2:      layout_basic, uniq_robin
D:3:      layout_loops_ring, serial_shops, shop
D:4:      layout_gridville, old_standard_altar, serial_shops,
          nicolae_shop_behind_doors, uniq_menkaure
D:5:      layout_rooms, lemuel_coloured_pillars_altar,
          chequers_temple_overflow_statue_of_worship, columned_hall_lemuel
D:6:      layout_loops_ring, serial_co_window_serial, co_window_paths_a,
          co_window_of_opportunity_a, co_window_of_opportunity_a,
          co_window_paths_a, co_window_corner_a, co_window_cross_4,
          co_window_broadway_c, co_window_broadway_b, glass_columns_a,
          glass_columns_b, glass_columns_c, glass_columns_a
D:7:      layout_basic, kennysheep_mini, minmay_temple_entry_tees,
          nicolae_ossuary_entry_catacombs, grunt_ministairs_2,
          minmay_misc_feat_secret_circle, uniq_pikel
D:8:      layout_layer_cave, st_stairs_7
D:9:      layout_loops_corners, david_lair_shrubbed, serial_shops,
          nicolae_shop_behind_doors
D:10:     layout_long_grid, erik_orc_4, corexii_hall_statues_l, uniq_josephine
D:11:     gammafunk_mikee_crab_dinner, layout_basic, ebering_ghost_gozag,
          serial_shops, shop, elyvilon_altar_1
D:12:     layout_big_octagon, uniq_fannar, uniq_nergalle

Skill      XL: |  1  2  3  4  5  6  7  8  9 10 11 |
---------------+----------------------------------+-----
Fighting       | 4 5 6 7 8 9 |  9.9
Long Blades    | 4 5 6 8 10 11 | 11.3
Armour         | 1 2 3 4 5 6 7 8 |  8.3
Stealth        | 2 3 4 |  4.4
Shields        | 1 3 4 5 6 |  6.7
Invocations    | 4 6 7 |  7.6
Dodging        | 3 4 |  4.0

Action                   |  1- 3 |  4- 6 |  7- 9 | 10-12 || total
-------------------------+-------+-------+-------+-------++-------
Melee: Falchion          |   132 |   191 |   593 |       ||   916
       Great sword       |       |       |     6 |   238 ||   244
Throw: Dart              |       |       |     2 |    11 ||    13
Invok: Convert to Beogh  |       |       |     1 |       ||     1
       Smiting           |       |       |     2 |       ||     2
  Use: Scroll            |       |    13 |     5 |    12 ||    30
       Potion            |       |     1 |     2 |     5 ||     8
 Stab: Confused          |       |       |     1 |       ||     1
       Sleeping          |       |       |     2 |       ||     2
Armor: Robe              |     8 |       |       |       ||     8
       Scale mail        |    51 |   120 |   316 |   179 ||   666
Dodge: Dodged            |    79 |    82 |   160 |   159 ||   480
Block: Kite shield       |       |   135 |   527 |       ||   662
       Reflection        |       |       |    11 |     3 ||    14
       Other             |       |       |     1 |    69 ||    70
       Rpst.: Falchion   |    17 |    15 |    44 |       ||    76
       Great sword       |       |       |       |    26 ||    26

Table legend: (Time is in decaauts)
 A = Elapsed time spent in this place.
 B = Non-inter-level travel time spent in this place.
 C = Inter-level travel time spent in this place.
 D = Time resting spent in this place.
 E = Time spent auto-exploring this place.
 F = Levels seen in this place.
 G = Mean time per level.
                   A        B        C        D        E       F      G
               +--------+--------+--------+--------+--------+-----+--------+
         Total |  16309 |  15848 |    461 |   4439 |   8966 |  13 | 1254.5 |
       Dungeon |  15971 |  15510 |    461 |   4213 |   8925 |  12 | 1330.9 |
       Ossuary |    338 |    338 |      0 |    226 |     41 |   1 |  338.0 |
               +--------+--------+--------+--------+--------+-----+--------+

Top non-repeatable levels by time:
     D:9: 2243 daAuts
     D:7: 1833 daAuts
     D:6: 1667 daAuts
     D:4: 1568 daAuts
     D:1: 1547 daAuts
     D:3: 1387 daAuts
    D:11: 1300 daAuts
     D:8: 1196 daAuts
    D:10: 1135 daAuts
     D:5: 927 daAuts
     D:2: 813 daAuts
    D:12: 349 daAuts
 Ossuary: 338 daAuts
